 Dungeon Sprint DCSS version 0.17-a0-1636-g3119f2b (webtiles) character file.

10123 Kidiri the Peltast (level 11, -3/104 HPs)
             Began as a Minotaur Fighter on Aug 6, 2015.
             Was a High Priest of Okawaru.
             Slain by an orange demon (5 damage)
             ... in the Dungeon (Sprint VII: "The Pits").
             The game lasted 00:10:13 (1811 turns).

Kidiri the Peltast (Minotaur Fighter)               Turns: 1811, Time: 00:10:13

Health: -3/104     AC: 23    Str: 24    XL:     11   Next: 32%
Magic:  12/17      EV: 14    Int: 11    God:    Okawaru [*****.]
Gold:   0          SH: 16    Dex: 10    Spells: 0 memorised, 10 levels left

rFire  . . .     SeeInvis .     b - +1 trident (venom)
rCold  . . .     Clarity  .     y - +4 chain mail
rNeg   . . .     SustAt   .     c - +0 shield
rPois  .         Gourm    .     (helmet restricted)
rElec  .         Spirit   .     v - +0 cloak
rCorr  .         Warding  .     (no gloves)
rMut   .         NoTele   +     w - +0 pair of boots
MR     .....                    (no amulet)
Stlth  ..........               t - +3 ring of intelligence
                                l - +3 ring of intelligence

@: heroism, finesse, weakened, drained, not resistant to hostile enchantments,
extremely unstealthy
A: retaliatory headbutt, horns 2
a: Heroism, Finesse, Renounce Religion


You were in the Dungeon.
You worshipped Okawaru.
Okawaru was extremely pleased with you.
You were not hungry.

You visited 1 branch

Inventory:

Hand weapons
 a - a +1 flail of draining
 b - a +1 trident of venom (weapon)
 s - a +2 trident
Armour
 c - a +0 shield (worn)
 v - a +0 cloak (worn)
 w - a +0 pair of boots (worn)
 y - a +4 chain mail (worn)
Jewellery
 l - a +3 ring of intelligence (left hand)
 t - a +3 ring of intelligence (right hand)
Scrolls
 k - a scroll of blinking
 p - 3 scrolls of remove curse
 q - 5 scrolls of amnesia
 r - a scroll of summoning
Potions
 d - 2 potions of might
 f - 7 potions of curing
 g - 8 potions of heal wounds
 h - a potion of haste
 i - 4 potions of magic
 j - 5 potions of berserk rage
 o - 2 potions of invisibility
 u - 3 potions of brilliance
Comestibles
 e - 7 bread rations
 m - 40 fruits
 n - 7 meat rations
 x - 13 chunks of flesh


   Skills:
 + Level 11.8(16.2) Fighting
 * Level 15.5(19.9) Polearms
 * Level 15.5(19.8) Armour
 + Level 10.4(14.8) Dodging
 * Level 15.6(20.0) Shields
 + Level 9.5(9.0) Invocations


You had 10 spell levels left.
You didn't know any spells.

Dungeon Overview and Level Annotations

Branches:
Dungeon (1/1)

Altars:
Ashenzari
Cheibriados
Dithmenos
Elyvilon
Fedhas
Gozag
Kikubaaqudgha
Makhleb
Nemelex Xobeh
Okawaru
Qazlal
Ru
Sif Muna
Trog
Vehumet
Xom
Yredelemnul
Zin
The Shining One
Beogh
Jiyva
Lugonu

Annotations:
D Sonja


Innate Abilities, Weirdness & Mutations

You reflexively headbutt those who attack you in melee.
You have a pair of horns on your head.


Message History

The soul eater disappears in a puff of smoke!
The giant leech bites you but does no damage.
You hit the orc sorcerer but do no damage.
The orc sorcerer is poisoned.
You block the orc sorcerer's attack.
You hit the orc sorcerer but do no damage.
The orc sorcerer looks even sicker.
The orange demon stings you but does no damage.
You barely miss the orc sorcerer. You barely miss the orc sorcerer.
The orc sorcerer gestures at you while chanting.
The bolt of negative energy hits you!
You feel drained.
* * * LOW HITPOINT WARNING * * *
You hit the orc sorcerer but do no damage.
The orc sorcerer looks even sicker.
The giant leech bites you.
* * * LOW HITPOINT WARNING * * *
The giant leech draws strength from your injuries!
You puncture the orc sorcerer!
The orc sorcerer is moderately wounded.
The orange demon stings you from afar.
You die...

....# ....+ ....+
....# ....# #####
############ #####
...#...+....###o..#
.###...# #...#[w@#
##.+...+. #..)).####
#..##+##..##..4##..##.
..##...##..'...#....e.
..#.....#..#...#....#s
..+.....'..'...'....h.
..#.....#..#..รท#.
..##.[.##..'.()#..
#.)##'##..##.).##..


You could see a giant leech, an orange demon and an orc sorcerer.

Vanquished Creatures
  2 deep elf conjurers (D)
  2 orc sorcerers (D)
  A phantasmal warrior (D)
  A hill giant (D)
  4 harpies (D)
  An orc knight (D)
  A manticore (D)
  A griffon (D)
  A black mamba (D)
  3 kobold demonologists (D)
  An orange demon (D)
  A red devil (D)
  A troll (D)
  A snapping turtle (D)
  A flying skull (D)
  A deep elf mage (D)
  2 fire bats (D)
  A hippogriff (D)
  A wolf (D)
  A steam dragon (D)
  3 wargs (D)
  3 deep elf fighters (D)
  A centaur (D)
  3 orc warriors (D)
  A phantom (D)
  An ogre (D)
  2 brain worms (D)
  2 big kobolds (D)
  5 wights (D)
  A crimson imp (D)
  A worker ant (D)
  A mummy (D)
  An adder (D)
  An ooze (D)
  3 giant geckos (D)
  5 orcs (D)
  A goblin (D)
  2 hobgoblins (D)
  3 jackals (D)
  2 kobolds (D)
  2 quokkas (D)
  A jackal skeleton (D)
  A quokka zombie (D)
  A rat (D)
75 creatures vanquished.

Notes
Turn   | Place    | Note
--------------------------------------------------------------
     0 | D        | Kidiri the Minotaur Fighter began the quest for the Orb.
     0 | D        | Reached XP level 1. HP: 19/19 MP: 0/0
    24 | D        | Reached skill level 4 in Armour
    25 | D        | Reached skill level 1 in Dodging
    42 | D        | Found a sacrificial altar of Ru.
    42 | D        | Found a basalt altar of Yredelemnul.
    42 | D        | Found a shadowy altar of Dithmenos.
    42 | D        | Found a deep blue altar of Sif Muna.
    42 | D        | Found a burning altar of Makhleb.
    42 | D        | Found a shimmering altar of Xom.
    42 | D        | Found an ancient bone altar of Kikubaaqudgha.
    42 | D        | Found a sparkling altar of Nemelex Xobeh.
    43 | D        | Found a glowing golden altar of the Shining One.
    43 | D        | Found a bloodstained altar of Trog.
    43 | D        | Found a shattered altar of Ashenzari.
    43 | D        | Found a white marble altar of Elyvilon.
    43 | D        | Found a snail-covered altar of Cheibriados.
    43 | D        | Found a blossoming altar of Fedhas.
    43 | D        | Found a radiant altar of Vehumet.
    43 | D        | Found a glowing silver altar of Zin.
    43 | D        | Found a corrupted altar of Lugonu.
    43 | D        | Found a viscous altar of Jiyva.
    43 | D        | Found a roughly hewn altar of Beogh.
    43 | D        | Found an iron altar of Okawaru.
    49 | D        | Found a stormy altar of Qazlal.
    49 | D        | Found an opulent altar of Gozag.
    52 | D        | Became a worshipper of Warmaster Okawaru
    96 | D        | Noticed a brain worm
   103 | D        | Lost intelligence.
   106 | D        | Killed a brain worm
   106 | D        | Acquired Okawaru's first power
   106 | D        | Reached skill level 5 in Polearms
   106 | D        | Reached skill level 5 in Armour
   106 | D        | Reached skill level 5 in Shields
   106 | D        | Reached XP level 2. HP: 19/28 MP: 0/2
   106 | D        | Reached XP level 3. HP: 23/35 MP: 0/3
   106 | D        | Reached XP level 4. HP: 26/41 MP: 0/4
   212 | D        | Noticed a worker ant
   217 | D        | Killed a worker ant
   217 | D        | Reached skill level 5 in Fighting
   217 | D        | Reached skill level 6 in Armour
   339 | D        | Noticed an orc warrior
   339 | D        | Noticed a phantom
   340 | D        | Noticed a centaur
   345 | D        | Noticed a fire bat
   350 | D        | Killed a centaur
   350 | D        | Reached skill level 7 in Polearms
   350 | D        | Reached XP level 5. HP: 45/50 MP: 4/6
   363 | D        | Killed a fire bat
   363 | D        | Reached skill level 8 in Polearms
   363 | D        | Reached XP level 6. HP: 43/58 MP: 5/8
   386 | D        | Killed an orc warrior
   386 | D        | Reached skill level 9 in Armour
   386 | D        | Reached skill level 5 in Dodging
   426 | D        | Killed a phantom
   426 | D        | Reached XP level 7. HP: 24/66 MP: 9/9
   627 | D        | Noticed a brain worm
   631 | D        | Killed a brain worm
   633 | D        | Noticed a steam dragon
   640 | D        | Killed a steam dragon
   640 | D        | Reached skill level 10 in Armour
   640 | D        | Reached skill level 10 in Shields
   640 | D        | Reached skill level 5 in Invocations
   649 | D        | Noticed a flying skull
   649 | D        | Noticed a warg
   655 | D        | Killed a warg
   655 | D        | Reached skill level 10 in Polearms
   667 | D        | Killed a flying skull
   667 | D        | Reached XP level 8. HP: 74/74 MP: 9/11
   686 | D        | Noticed a crimson imp
   686 | D        | Noticed a snapping turtle
   686 | D        | Noticed a manticore
   692 | D        | Killed a manticore
   692 | D        | Reached skill level 11 in Armour
   695 | D        | Killed a crimson imp
   714 | D        | Killed a snapping turtle
   967 | D        | Noticed a warg
   974 | D        | Killed a warg
   987 | D        | Noticed a black mamba
   996 | D        | Killed a black mamba
   996 | D        | Acquired Okawaru's second power
   996 | D        | Reached skill level 12 in Shields
   996 | D        | Reached XP level 9. HP: 79/83 MP: 12/12
   997 | D        | Noticed a red devil
  1009 | D        | Killed a red devil
  1253 | D        | Noticed an orange demon
  1264 | D        | Killed an orange demon
  1272 | D        | Noticed a wight
  1272 | D        | Noticed a wight
  1272 | D        | Noticed a wight
  1272 | D        | Noticed a wight
  1272 | D        | Noticed a wight
  1272 | D        | Noticed a hill giant
  1285 | D        | Killed a hill giant
  1286 | D        | Killed a wight
  1290 | D        | Killed a wight
  1297 | D        | Killed a wight
  1299 | D        | Killed a wight
  1309 | D        | Killed a wight
  1313 | D        | Noticed an orc knight
  1313 | D        | Noticed an orc sorcerer
  1313 | D        | Noticed an ogre
  1313 | D        | Noticed a troll
  1314 | D        | Noticed an orc warrior
  1315 | D        | Noticed an orc warrior
  1319 | D        | Killed a troll
  1319 | D        | Reached skill level 13 in Shields
  1327 | D        | Noticed a hellwing
  1335 | D        | Killed an orc knight
  1335 | D        | Reached skill level 10 in Fighting
  1344 | D        | Killed an orc sorcerer
  1344 | D        | Reached XP level 10. HP: 75/93 MP: 11/14
  1350 | D        | Killed an orc warrior
  1353 | D        | Killed an ogre
  1358 | D        | Killed an orc warrior
  1529 | D        | Noticed a griffon
  1529 | D        | Noticed a fire bat
  1535 | D        | Killed a fire bat
  1543 | D        | Killed a griffon
  1600 | D        | Noticed a harpy
  1600 | D        | Noticed a harpy
  1601 | D        | Noticed a harpy
  1602 | D        | Noticed a harpy
  1603 | D        | Noticed an orc sorcerer
  1605 | D        | Killed a harpy
  1605 | D        | Reached skill level 14 in Shields
  1607 | D        | Noticed a hippogriff
  1608 | D        | Killed a harpy
  1613 | D        | Killed a harpy
  1613 | D        | Received a gift from Okawaru
  1621 | D        | Killed a harpy
  1630 | D        | Killed an orc sorcerer
  1642 | D        | Killed a hippogriff
  1654 | D        | Noticed a big kobold
  1656 | D        | Noticed a big kobold
  1656 | D        | Noticed a kobold demonologist
  1657 | D        | Noticed a kobold demonologist
  1658 | D        | Noticed a phantasmal warrior
  1663 | D        | Noticed a kobold demonologist
  1665 | D        | Killed a big kobold
  1681 | D        | Killed a phantasmal warrior
  1689 | D        | Killed a kobold demonologist
  1689 | D        | Reached skill level 10 in Dodging
  1689 | D        | Reached skill level 15 in Shields
  1689 | D        | Reached XP level 11. HP: 70/102 MP: 13/16
  1695 | D        | Killed a kobold demonologist
  1695 | D        | Reached skill level 15 in Polearms
  1705 | D        | Killed a kobold demonologist
  1705 | D        | Reached skill level 15 in Armour
  1709 | D        | Killed a big kobold
  1715 | D        | Noticed a warg
  1728 | D        | Killed a warg
  1729 | D        | Noticed a deep elf conjurer
  1729 | D        | Noticed a jumping spider
  1729 | D        | Noticed a wolf
  1733 | D        | Noticed an orange demon
  1734 | D        | Noticed a deep elf fighter
  1734 | D        | Noticed a deep elf fighter
  1734 | D        | Noticed a deep elf mage
  1734 | D        | Noticed a deep elf conjurer
  1734 | D        | Noticed an orc sorcerer
  1735 | D        | Noticed a deep elf fighter
  1735 | D        | Noticed Sonja
  1744 | D        | Killed a deep elf mage
  1748 | D        | Killed a deep elf conjurer
  1748 | D        | Received a gift from Okawaru
  1753 | D        | Killed a wolf
  1759 | D        | Noticed a soul eater
  1763 | D        | Killed a deep elf conjurer
  1784 | D        | Noticed a giant leech
  1786 | D        | Killed a deep elf fighter
  1797 | D        | Killed a deep elf fighter
  1801 | D        | Killed a deep elf fighter
  1809 | D        | HP: 4/104 [orc sorcerer/bolt of negative energy (6)]
  1811 | D        | Slain by an orange demon

Vault maps used:
D:        pitsprint

Action                   |  1- 3 |  4- 6 |  7- 9 | 10-12 || total
-------------------------+-------+-------+-------+-------++-------
Melee: Trident           |    13 |    86 |   159 |   200 ||   458
Invok: Heroism           |       |       |     4 |     3 ||     7
       Finesse           |       |       |     1 |     3 ||     4
  Use: Potion            |       |     1 |       |     2 ||     3
  Eat: Chunk             |       |       |     1 |       ||     1
       Bread ration      |       |       |     1 |       ||     1
